Map: Tokamak LE

Players

Lambo

  • Race: Terran Terran
  • Spawn Location: 1:00

LiquidClem (Clem) - Winner!

  • Race: Zerg Zerg
  • Spawn Location: 7:00

Event: FEL Cracov 2025

VOD

Have the link to the VOD?

Description

Time

  • Played on: July 27, 2025, 3:29 p.m.
  • Length: 19:18

All games in this series

Show
View Real Time Build Order
Export as new Build Order

Lambo Terran 

Build Orders: Liberator Opening, Reaper Expand 

Get SALT Encoding   

  12  0:00  SCV  
  13  0:12  SCV  
  14  0:16  Supply Depot  
  14  0:24  SCV  
  15  0:38  SCV  
  15  0:39  Barracks  
  15  0:42  Refinery  
  16  0:50  SCV  
  17  1:02  SCV  
  18  1:14  SCV  
  19  1:26  Orbital Command, Reaper  
  20  1:37  Command Center  
  20  1:45  Supply Depot  
  20  1:52  SCV  
  21  1:58  Marine  
  22  2:04  SCV  
  23  2:09  Factory  
  23  2:17  SCV  
  23  2:20  Barracks Reactor  
  25  2:30  SCV  
  25  2:36  Command Center  
  25  2:42  SCV  
  26  2:49  Orbital Command  
  26  2:59  SCV  
  26  3:01  Hellion x2  
  31  3:06  Marine  
  31  3:08  Starport  
  32  3:13  SCV  
  32  3:15  SCV  
  32  3:19  Refinery  
  34  3:22  Hellion  
  34  3:25  Hellion, SCV  
  34  3:26  Barracks Tech Lab  
  39  3:29  SCV  
  40  3:37  SCV  
  40  3:41  SCV  
  42  3:49  Liberator, SCV  
  42  3:51  Hellion x2  
  42  3:53  SCV  
  42  3:55  Orbital Command  
  51  4:02  SCV  
  52  4:04  Marine  
  52  4:05  Supply Depot, SCV  
  54  4:14  SCV  
  53  4:17  SCV  
  53  4:18  Hellion x2  
  53  4:19  Stimpack  
  53  4:21  Orbital Command  
  59  4:26  SCV  
  59  4:27  Marine  
  59  4:29  Supply Depot, Barracks, SCV  
  61  4:37  Starport Reactor  
  61  4:38  SCV  
  62  4:42  SCV  
  63  4:47  SCV  
  63  4:49  Barracks  
  63  4:50  Engineering Bay x2, SCV, Factory Tech Lab  
  63  4:52  Supply Depot  
  65  4:54  SCV  
  65  4:59  SCV  
  67  5:00  Refinery x2  
  67  5:02  SCV  
  67  5:06  SCV  
  67  5:11  SCV  
  68  5:14  SCV  
  68  5:16  Marine  
  68  5:18  SCV  
  68  5:21  Barracks, Terran Infantry Weapons Level 1  
  71  5:23  SCV, Starport Reactor  
  71  5:24  Supply Depot  
  71  5:27  Supply Depot x2, Marine x2  
  71  5:29  Siege Tank  
  71  5:30  SCV  
  71  5:32  Supply Depot  
  71  5:34  Marine  
  76  5:37  SCV  
  76  5:38  Marine  
  76  5:40  Barracks, SCV  
  76  5:42  SCV  
  78  5:44  Terran Infantry Armor Level 1  
  78  5:45  Marine x2  
  78  5:48  Marine, Supply Depot  
  78  5:49  SCV  
  82  5:52  Marine  
  82  5:56  Marine, SCV  
  84  5:57  SCV  
  84  6:00  Supply Depot  
  84  6:02  Marine x2  
  84  6:03  Medivac  
  89  6:06  Marine  
  89  6:08  Supply Depot  
  89  6:09  Combat Shield  
  89  6:10  Marine  
  91  6:11  Barracks Reactor  
  91  6:12  SCV x2  
  91  6:14  Marine  
  91  6:15  Siege Tank  
  91  6:16  SCV  
  98  6:20  Marine  
  98  6:22  Marine  
  98  6:23  Marine  
  98  6:25  Medivac  
  103  6:26  SCV x2  
  103  6:27  Supply Depot  
  103  6:28  Marine  
  103  6:29  Marine  
  103  6:32  Marine  
  108  6:34  Armory  
  108  6:38  Marine  
  108  6:39  SCV x2  
  111  6:40  Marine  
  111  6:44  Command Center  
  111  6:45  Marine x2  
  114  6:47  Marine  
  114  6:48  Marine x2  
  114  6:49  Marine  
  114  6:50  Medivac  
  120  7:02  Marine x2  
  120  7:05  Marine x2  
  120  7:06  SCV x2  
  123  7:09  Marine  
  123  7:10  Marine  
  123  7:12  Medivac, Marine  
  126  7:16  SCV  
  126  7:19  Marine x2  
  126  7:20  Medivac, Barracks Reactor  
  130  7:22  SCV  
  130  7:23  Marine x2  
  130  7:27  Marine  
  130  7:28  Marine  
  130  7:29  Terran Infantry Weapons Level 2  
  133  7:30  SCV x2, Marine  
  133  7:35  SCV  
  137  7:37  Marine x2  
  137  7:41  Marine x2, Supply Depot  
  141  7:55  Marine x5, SCV x2  
  141  7:56  Marine  
  141  7:58  Marine  
  150  7:59  Marine x2  
  150  8:03  Siege Tank  
  136  8:13  Marine x5  
  136  8:14  Marine, Barracks  
  136  8:15  Barracks x2  
  136  8:16  Supply Depot  
  136  8:17  SCV x2, Refinery  
  136  8:18  Marine x2  
  136  8:19  Marine, Factory  
  147  8:24  SCV  
  147  8:27  Supply Depot  
  148  8:29  SCV x2  
  148  8:31  Marine x4  
  148  8:32  Marine  
  152  8:35  Siege Tank  
  152  8:36  SCV  
  152  8:37  Marine x2  
  152  8:41  SCV x2  
  157  8:45  Marine x2  
  157  8:48  SCV  
  152  8:53  Marine x2, SCV x2  
  156  8:56  Terran Infantry Armor Level 2  
  156  8:59  Marine  
  156  9:00  SCV  
  156  9:01  Marine x2  
  156  9:02  Barracks Tech Lab x3  
  160  9:05  SCV x2  
  160  9:07  Widow Mine  
  160  9:08  Refinery  
  160  9:09  Marine x2  
  163  9:12  SCV  
  163  9:15  Medivac x2  
  167  9:17  Planetary Fortress, SCV x2  
  167  9:19  Marine x2  
  167  9:21  Concussive Shells  
  167  9:22  Factory Tech Lab  
  171  9:24  SCV  
  171  9:27  Marine x3  
  171  9:29  SCV  
  176  9:34  Siege Tank  
  176  9:36  SCV  
  176  9:37  Supply Depot  
  176  9:38  Supply Depot  
  180  9:42  Sensor Tower  
  180  9:45  SCV, Medivac  
  180  9:48  Marine x2  
  180  9:49  Marine x2  
  180  9:51  Siege Tank  
  172  9:54  Marine x3, Sensor Tower  
  172  9:57  Marine x2  
  172  9:58  Marine x3  
  180  10:01  SCV x2  
  180  10:05  Marine  
  180  10:06  Marine, Siege Tank  
  187  10:08  Marine x2  
  187  10:09  SCV  
  187  10:11  Marine  
  187  10:12  Ghost Academy, Factory  
  187  10:14  Terran Vehicle Weapons Level 1, SCV  
  191  10:16  Marauder x2  
  196  10:26  Refinery  
  196  10:27  Refinery  
  196  10:30  Sensor Tower  
  196  10:32  Marine x2, Marauder  
  200  10:37  Command Center  
  200  10:46  Marine  
  200  10:47  Marauder  
  189  10:51  Marauder, Marine  
  189  10:52  Marauder  
  189  10:53  Marine x3  
  189  10:54  Marauder  
  198  11:01  Missile Turret x2  
  198  11:02  Missile Turret, Factory Tech Lab  
  198  11:09  Command Center, Marauder  
  200  11:35  Marine x4, Marauder  
  191  11:41  Marine, Marauder  
  191  11:44  Marine x5  
  191  11:45  Siege Tank x3  
  178  11:54  Viking  
  178  11:55  Command Center  
  178  11:56  Marine  
  178  11:57  Marauder, Command Center  
  178  11:58  Marine  
  178  11:59  Marine  
  185  12:01  Terran Infantry Weapons Level 3, Terran Infantry Armor Level 3  
  185  12:02  Marauder x2  
  185  12:03  Marauder  
  191  12:11  Planetary Fortress  
  191  12:17  Siege Tank x2  
  191  12:18  SCV x2  
  199  12:26  Orbital Command  
  199  12:32  Marine  
  200  12:45  Marauder  
  192  12:54  Marine x2, Marauder  
  193  13:16  Marine  
  193  13:17  Marine, Marauder  
  184  13:23  Marine x2, Marauder  
  164  13:27  Marine  
  164  13:28  Marauder  
  164  13:32  Marine x3, Siege Tank  
  164  13:33  Siege Tank x2  
  161  13:34  Marine x2  
  161  13:38  Marauder  
  161  13:41  Marine x2, Medivac x2  
  163  13:45  Marauder, Marine  
  158  13:49  Marine x2, Marauder  
  158  13:51  Marine  
  158  13:53  Marine  
  157  13:56  Marine  
  157  13:57  SCV x4  
  157  14:00  Marauder  
  157  14:02  Marine  
  160  14:05  Siege Tank x3  
  160  14:06  Marauder  
  171  14:11  Liberator x2, Marauder  
  171  14:14  SCV x2  
  171  14:15  SCV x5  
  186  14:19  Marine  
  186  14:21  Marauder  
  190  14:27  Marauder  
  190  14:29  Marine  
  192  14:32  Marauder  
  192  14:33  Marine x2  
  192  14:37  Marine, Siege Tank  
  200  14:38  Neosteel Armor  
  200  14:43  Hi-Sec Auto Tracking  
  197  14:59  Marine  
  196  15:00  Marauder  
  196  15:03  Siege Tank  
  196  15:06  SCV  
  200  15:20  Orbital Command  
  194  15:39  Marine x7, Marauder  
  170  15:46  Marine  
  170  15:47  Marauder  
  171  15:50  SCV  
  171  15:51  SCV x4  
  176  15:58  Ghost  
  176  16:00  Siege Tank x3, Ghost  
  176  16:01  SCV x2  
  190  16:23  Missile Turret  
  189  16:25  Marine  
  189  16:26  Ghost  
  189  16:27  Orbital Command  
  189  16:29  Ghost  
  182  16:47  Marine x2  
  182  16:52  Marine  
  164  16:55  Ghost  
  164  16:57  Ghost  
  164  17:01  Orbital Command  
  166  17:02  Marine x5  
  166  17:05  Marine x2  
  166  17:07  Siege Tank  
  172  17:10  Marine  
  161  17:20  Marine x5, Siege Tank  
  168  17:23  Marine x2  
  168  17:24  Marauder  
  168  17:26  Marauder  
  168  17:28  Marine  
  175  17:38  Marine x5  
  175  17:39  Siege Tank  
  175  17:41  Marine  
  175  17:42  Orbital Command  
  175  17:43  Marine  
  185  17:46  Marauder, Marine  
  185  17:47  Ghost  
  191  17:56  Marine x2  
  190  18:00  Marine  
  190  18:03  Marine  
  190  18:05  Marine  
  159  18:07  Marauder, SCV  
  162  18:16  Marauder  
  162  18:18  Marine x3  
  167  18:21  Marine  
  168  18:28  Marauder  
  168  18:30  Marine  
  171  18:38  Marauder  
  154  18:43  Marine  
  154  18:44  Marine  
  154  18:46  Marine  
  108  18:49  Marine  
  108  18:50  Marine, Marauder  
Show
View Real Time Build Order
Export as new Build Order

LiquidClem Zerg - Winner!

Build Orders: Hatch First, Lurkers 

Get SALT Encoding   

  12  0:00  Drone  
  13  0:12  Overlord  
  13  0:17  Drone  
  14  0:30  Drone x2  
  16  0:46  Hatchery  
  16  0:48  Drone  
  16  0:52  Drone  
  16  0:56  Drone  
  18  1:05  Extractor  
  18  1:10  Spawning Pool  
  16  1:14  Drone  
  16  1:17  Drone  
  18  1:28  Drone  
  19  1:38  Drone  
  20  1:49  Drone  
  21  1:57  Queen x2  
  21  1:59  Zergling x2  
  21  2:00  Zergling x2  
  27  2:08  Overlord  
  27  2:15  Drone  
  28  2:21  Hatchery  
  27  2:28  Metabolic Boost  
  27  2:31  Drone  
  27  2:33  Drone  
  29  2:41  Queen  
  31  2:45  Drone  
  31  2:47  Drone  
  33  2:52  Overlord  
  33  2:57  Drone x2  
  35  2:59  Drone  
  35  3:04  Overlord  
  36  3:14  Drone  
  36  3:16  Drone x5  
  36  3:18  Drone  
  43  3:24  Queen  
  46  3:27  Drone  
  46  3:31  Zergling x2  
  47  3:35  Queen  
  47  3:38  Drone  
  47  3:40  Drone  
  51  3:43  Drone  
  51  3:45  Drone  
  53  3:49  Drone  
  53  3:50  Drone x3  
  57  3:57  Overlord  
  57  3:58  Drone  
  57  4:01  Overlord  
  58  4:11  Evolution Chamber  
  58  4:13  Queen  
  58  4:15  Queen, Drone  
  58  4:16  Drone x4  
  66  4:18  Overlord  
  66  4:22  Overlord  
  66  4:25  Lair  
  66  4:28  Drone  
  66  4:29  Drone  
  68  4:32  Drone x2  
  68  4:33  Drone, Overlord  
  68  4:36  Spore Crawler  
  68  4:38  Spore Crawler, Drone  
  69  4:39  Drone  
  69  4:42  Spore Crawler  
  69  4:43  Drone  
  69  4:44  Drone x2  
  73  4:47  Zergling x4  
  75  4:53  Overlord  
  75  4:56  Drone x2  
  75  4:58  Evolution Chamber, Drone  
  75  4:59  Evolution Chamber, Extractor x2  
  74  5:06  Overlord, Drone  
  74  5:07  Drone x2  
  77  5:10  Drone  
  77  5:13  Drone  
  79  5:16  Overlord  
  79  5:20  Drone  
  80  5:27  Drone  
  81  5:30  Zergling x6, Overlord  
  81  5:31  Drone x4  
  81  5:33  Queen  
  81  5:35  Hatchery  
  89  5:36  Queen  
  89  5:41  Drone x2  
  89  5:42  Baneling Nest  
  92  5:45  Zerg Melee Weapons Level 1  
  92  5:47  Zerg Ground Armor Level 1  
  92  5:48  Drone  
  91  5:50  Extractor  
  91  5:53  Zergling x2  
  91  5:54  Zergling x4  
  90  5:58  Queen  
  90  6:00  Zergling x2  
  93  6:05  Drone x3  
  93  6:10  Overlord  
  96  6:11  Drone x2  
  96  6:14  Extractor  
  96  6:15  Zergling x2  
  96  6:18  Hatchery, Zergling x2  
  98  6:21  Zergling x2  
  99  6:26  Drone, Extractor  
  99  6:27  Hydralisk Den  
  99  6:30  Drone  
  99  6:35  Centrifugal Hooks  
  99  6:36  Zergling x4  
  99  6:37  Overlord  
  101  6:42  Zergling x2  
  101  6:43  Zergling x4  
  104  6:48  Zergling x12  
  104  6:53  Baneling x6  
  110  6:58  Zergling x2  
  110  7:00  Hydralisk x2  
  110  7:01  Hydralisk  
  115  7:05  Grooved Spines  
  115  7:08  Hydralisk  
  115  7:12  Hydralisk  
  115  7:13  Hydralisk x2  
  115  7:15  Hydralisk x4  
  120  7:19  Zergling x12  
  134  7:23  Hydralisk  
  134  7:25  Overlord x3  
  134  7:27  Hatchery  
  134  7:31  Overlord  
  134  7:34  Hydralisk x3  
  140  7:40  Zerg Missile Weapons Level 1  
  140  7:44  Extractor  
  140  7:45  Drone  
  140  7:46  Drone x4  
  140  7:47  Drone  
  139  7:53  Hydralisk x5  
  139  7:54  Zergling x10  
  139  7:58  Zergling x6  
  154  8:01  Overlord  
  145  8:06  Zergling x8  
  145  8:11  Zergling x2, Zerg Ground Armor Level 2  
  145  8:17  Zergling x16  
  145  8:18  Baneling x3  
  145  8:19  Baneling x2  
  153  8:20  Baneling  
  153  8:25  Muscular Augments  
  153  8:30  Zergling x16  
  158  8:37  Zergling x8  
  158  8:41  Zergling x6  
  155  8:46  Zergling x16  
  161  8:49  Overlord  
  161  8:50  Overlord  
  161  8:53  Zergling x2  
  161  8:54  Zergling x2  
  163  8:57  Zergling x4  
  163  9:01  Zergling x2  
  163  9:02  Zergling x4  
  168  9:04  Overlord  
  168  9:08  Drone  
  168  9:09  Drone, Infestation Pit  
  169  9:10  Drone  
  169  9:11  Drone x3  
  169  9:12  Drone x4  
  174  9:18  Zergling x8  
  174  9:20  Baneling x12  
  178  9:25  Zergling x8  
  182  9:33  Drone x2  
  182  9:34  Zergling x14  
  191  9:41  Zergling x6  
  191  9:42  Zergling x10  
  194  9:48  Hive  
  194  9:49  Lurker Den  
  194  9:51  Zerg Melee Weapons Level 2  
  190  9:54  Zergling x6  
  190  9:58  Zergling x10  
  195  10:07  Spore Crawler  
  195  10:09  Hydralisk x2  
  195  10:10  Zergling x2  
  195  10:12  Burrow, Overseer  
  199  10:16  Hatchery  
  198  10:24  Overseer  
  198  10:27  Pneumatized Carapace  
  198  10:28  Overseer  
  198  10:36  Drone  
  189  10:50  Zergling x22  
  189  10:51  Hatchery  
  198  10:57  Overseer  
  198  11:05  Seismic Spines  
  197  11:11  Drone x2  
  197  11:12  Nydus Network x2  
  197  11:13  Zergling x6  
  197  11:17  Baneling x11  
  197  11:18  Baneling x6  
  200  11:27  Zerg Ground Armor Level 3, Adrenal Glands  
  175  11:45  Hydralisk  
  175  11:46  Hydralisk x3  
  157  11:49  Zergling x12  
  157  11:50  Zergling x8  
  157  11:51  Zergling x18  
  176  12:02  Lurker x10, Adaptive Talons  
  186  12:13  Drone x3  
  186  12:14  Zergling x20, Spine Crawler  
  186  12:15  Spine Crawler, Spore Crawler, Lurker  
  197  12:16  Lurker  
  197  12:17  Spine Crawler  
  197  12:22  Overlord  
  197  12:23  Nydus Canal  
  197  12:25  Overseer x2  
  197  12:29  Nydus Canal  
  197  12:33  Overlord  
  194  12:49  Hydralisk x9  
  192  12:54  Zergling x30  
  192  12:55  Nydus Canal  
  192  12:57  Nydus Canal  
  192  12:58  Zergling x6  
  200  13:07  Zerg Missile Weapons Level 2  
  200  13:17  Zergling x18  
  200  13:19  Nydus Canal x2  
  181  13:30  Hydralisk  
  181  13:31  Hydralisk x6, Zergling x8  
  181  13:32  Zergling x26  
  185  13:38  Zergling x18  
  187  13:44  Extractor  
  186  13:50  Nydus Canal  
  186  13:53  Lurker x3  
  186  13:54  Extractor  
  186  14:00  Drone x3  
  187  14:03  Drone  
  187  14:04  Extractor  
  187  14:06  Drone x2  
  187  14:07  Drone  
  190  14:11  Overseer  
  190  14:17  Hatchery  
  189  14:18  Lurker x5  
  189  14:22  Nydus Canal  
  193  14:25  Nydus Canal  
  193  14:27  Zergling x2  
  193  14:28  Zergling x14  
  199  14:36  Zergling x2  
  199  14:51  Drone  
  188  15:00  Hydralisk  
  188  15:01  Hydralisk x4  
  188  15:04  Nydus Canal x2  
  198  15:09  Lurker  
  198  15:11  Baneling x24  
  187  15:30  Hydralisk x3  
  187  15:31  Hydralisk x6, Zergling x10  
  187  15:32  Zergling x4  
  195  15:40  Hydralisk x7  
  195  15:41  Zergling x12  
  199  15:53  Extractor x2  
  199  15:54  Drone x2  
  199  15:55  Drone x4  
  199  15:56  Overseer x7  
  200  15:58  Overseer x2  
  200  15:59  Overseer  
  200  16:02  Nydus Canal  
  200  16:14  Nydus Canal  
  191  16:29  Nydus Canal  
  191  16:30  Nydus Canal  
  191  16:31  Zergling x20  
  198  16:34  Zerg Missile Weapons Level 3, Zerg Melee Weapons Level 3  
  173  16:55  Zergling x42  
  188  17:09  Drone x2  
  188  17:13  Hydralisk x8  
  188  17:14  Zergling x14  
  192  17:19  Hydralisk x8  
  199  17:25  Baneling x29, Infestor  
  199  17:35  Infestor  
  199  17:36  Zergling x4  
  199  17:45  Hatchery  
  196  17:52  Zergling x6  
  188  18:04  Zergling x68  
  188  18:08  Lurker x10, Extractor  
  196  18:16  Overlord  
  196  18:18  Nydus Canal x2  
  196  18:25  Zergling x12  
  198  18:29  Baneling  
  198  18:30  Overlord  
  198  18:34  Overlord x5  
  180  18:41  Zergling x28  
  180  18:45  Zergling x6  
  180  19:07  Hatchery, Lurker x5  
  180  19:08  Lurker x5  
Tags
 
Add a new tag
Caveats
  • Supply blocks, unpowered buildings, or Contaminate may cause inaccurate times.
  • Supply counts are checked every 10 seconds.